 Dungeon Crawl Stone Soup version 0.25.0-26-g0c896c7088 (webtiles) character file.

Game seed: 13531259304398838733

68 lepoulpe303 the Sneak (level 4, -7/21 HPs)
             Began as a Spriggan Enchanter on July 3, 2020.
             Shot with an arrow by a centaur (17 damage)
             ... on level 2 of the Dungeon.
             The game lasted 00:06:06 (2475 turns).

lepoulpe303 the Sneak (Spriggan Enchanter)          Turns: 2475, Time: 00:06:07

Health: -7/21      AC:  2    Str:  4    XL:     4   Next: 1%
Magic:  10/10      EV: 19    Int: 17    God:
Gold:   27         SH:  0    Dex: 16    Spells: 4/10 levels left

rFire    . . .     SeeInvis +   a - +1 dagger
rCold    . . .     Gourm    .   (shield restricted)
rNeg     . . .     Faith    .   d - +0 robe
rPois    .         Spirit   .   (helmet restricted)
rElec    .         Reflect  .   (no cloak)
rCorr    .         Harm     .   (gloves unavailable)
MR       .....                  (boots unavailable)
Stlth    +++.......             (no amulet)
HPRegen  0.07/turn              (no ring)
MPRegen  0.12/turn              (no ring)

@: very quick
A: very small, unfitting armour, see invisible, herbivore, speed 3, slow
metabolism 2
a: no special abilities


You were on level 2 of the Dungeon.
You were not hungry.

You visited 1 branch of the dungeon, and saw 2 of its levels.

You collected 27 gold pieces.

Inventory:

Hand Weapons
 a - a +1 dagger (weapon)
 b - a +0 short sword
Missiles
 g - 11 poisoned darts (quivered)
Armour
 d - a +0 robe (worn)
Scrolls
 c - 3 scrolls of identify {unknown}
 f - a scroll of magic mapping {unknown}
 h - a scroll of fog {unknown}
 i - a scroll of teleportation {unknown}
Comestibles
 e - a ration


   Skills:
 + Level 0.7 Fighting
 * Level 2.0 Short Blades
 + Level 3.6 Dodging
 + Level 4.8 Stealth
 * Level 3.5 Spellcasting
 * Level 4.2 Hexes


You had 4 spell levels left.
You knew the following spells:

 Your Spells              Type           Power        Failure   Level  Hunger
a - Ensorcelled Hibernat  Hex/Ice        ##....       11%         2    ##.....
c - Confusing Touch       Hex            ###.....     9%          3    ###....
v - Corona                Hex            ###....      3%          1    None

Your spell library contained the following spells:

 Spells                   Type           Power        Failure   Level  Hunger
 Tukima's Dance           Hex            ###.....     9%          3    ###....
 Dazzling Flash           Conj/Hex       ##....       21%         3    ###....


Dungeon Overview and Level Annotations

Branches:
Dungeon (2/15)

Altars:


Innate Abilities, Weirdness & Mutations

You are very small and have problems with some larger weapons.
You are too small for most types of armour.
You have supernaturally acute eyesight. (SInv)
You are a herbivore.
You cover ground extremely quickly.
You need to consume almost no food.


Message History

You hit the bat. The bat completely misses you. The bat closely misses you.
You closely miss the bat. The bat misses you. The bat closely misses you.
A centaur comes into view.
The bat barely misses you.
You hit the bat.
You kill the bat!
You have reached level 4!
The centaur wields a +0 shortbow.
The centaur shoots an arrow.
The arrow misses you.
You regained 4 hp, and now have 20/21 hp.
MP restored: 10 The centaur shoots an arrow.
The arrow hits you!
* * * LOW HITPOINT WARNING * * *
You see here an arrow.
You take 10 damage, and have 10/21 hp.
MASSIVE DAMAGE!!
The centaur shoots an arrow.
The arrow hits you!
Ouch! That really hurt!
You die...

.. >. ... .# ..... .##
....########## ..#
.......?##... # #
..###......#.##.# .# #.#...
....#......# ###..
#....###.#.###@...###....#
#.#...#.#..(.......#
#..........(.#....##
#..........†.......# ##..
#..).............>.# ....
###.##<....##..###.c#####....
<........†#.##....#....#...#.#
####.#.#.....#.##.#..........
......#.....#........##..##.


You could see a centaur.

Levels and vault maps discovered:
D:1:      dpeg_arrival_rooms_b, layout_basic, nrook_mini_backslash
D:2:      layout_rooms, first_ration

Notes
Turn   | Place    | Note
-------+----------+-------------------------------------------
     0 | D:1      | lepoulpe303 the Spriggan Enchanter began the quest for the
                  | Orb.
     0 | D:1      | Reached XP level 1. HP: 9/9 MP: 5/5
    43 | D:1      | Identified a +0 club
    54 | D:1      | Identified a +0 short sword
    84 | D:1      | HP: 2/9 [kobold/+0 short sword (5)]
   488 | D:1      | Reached XP level 2. HP: 12/13 MP: 6/6
   492 | D:1      | Learned a level 2 spell: Ensorcelled Hibernation
   533 | D:1      | Identified a +0 whip
   584 | D:1      | Reached skill level 3 in Spellcasting
   595 | D:1      | HP: 3/13 [jackal (1)]
   908 | D:1      | Identified a +0 short sword
  1032 | D:1      | Identified a +0 dagger
  1238 | D:1      | Reached skill level 4 in Hexes
  1382 | D:1      | Identified a +0 short sword
  1410 | D:1      | Reached XP level 3. HP: 16/17 MP: 8/8
  1415 | D:1      | Learned a level 3 spell: Confusing Touch
  1467 | D:1      | Identified a +0 mace
  1485 | D:1      | Identified a +0 club
  1486 | D:1      | Identified a +0 club
  1747 | D:1      | Identified a +0 club
  1772 | D:1      | Identified a +0 club
  2220 | D:2      | Identified a +0 club
  2422 | D:2      | Reached skill level 2 in Short Blades
  2438 | D:2      | Identified a +0 dagger
  2472 | D:2      | Identified a +0 shortbow
  2472 | D:2      | Noticed a centaur
  2473 | D:2      | Reached XP level 4. HP: 20/21 MP: 10/10
  2475 | D:2      | Shot with an arrow by a centaur

Table legend:
 A = Turns spent in this place as a percentage of turns spent in the entire game.
 B = Non-inter-level travel turns spent in this place as a percentage of non-inter-level travel turns spent in the entire game.
 C = Inter-level travel turns spent in this place as a percentage of turns spent in this place.
 D = Turns resting spent in this place as a percentage of non-inter-level travel turns spent in this place.
 E = Turns spent auto-exploring this place as a percentage of non-inter-level travel turns spent in this place.
 F = Non-inter-level travel turns spent in this place divided by the number of levels of this place that you've seen.
                   A       B       C       D       E      F
               +-------+-------+-------+-------+-------+----------------------
         Total | 100.0 | 100.0 |   2.4 |  49.6 |  28.3 | 1208.0
       Dungeon | 100.0 | 100.0 |   2.4 |  49.6 |  28.3 | 1208.0
               +-------+-------+-------+-------+-------+----------------------

Table legend:
 A = Kills in this place as a percentage of kills in entire the game.
 B = Kills by you in this place as a percentage of kills by you in the entire game.
 C = Kills by friends in this place as a percentage of kills by friends in the entire game.
 D = Other kills in this place as a percentage of other kills in the entire game.
 E = Experience gained in this place as a percentage of experience gained in the entire game.
 F = Experience gained in this place divided by the number of levels of this place that you have seen.
                   A       B       C       D       E      F
               +-------+-------+-------+-------+-------+----------------------
         Total | 100.0 | 100.0 |   N/A |   N/A | 100.0 |  49.0
       Dungeon | 100.0 | 100.0 |   N/A |   N/A | 100.0 |  49.0
               +-------+-------+-------+-------+-------+----------------------

Skill      XL: |  1  2  3 |
---------------+----------+-----
Spellcasting   | 3 |  3.5
Hexes          | 4 |  4.2
Short Blades   | 2 |  2.0
Fighting       | |  0.7
Dodging        | |  3.6
Stealth        | |  4.8

Action                   |  1- 3 |  4- 6 || total
-------------------------+-------+-------++-------
Melee: Dagger            |   193 |       ||   193
Throw: Dart              |     6 |       ||     6
 Cast: Ensorcelled Hiber |     3 |       ||     3
 Stab: Sleeping          |    10 |       ||    10
       Distracted        |     1 |       ||     1
Armor: Robe              |    25 |       ||    25
Dodge: Dodged            |   166 |     1 ||   167

Vanquished Creatures
  2 adders (D:2)
  A dart slug (D:1)
  A leopard gecko (D:1)
  6 bats
  4 goblins
  4 hobgoblins (D:1)
  8 jackals (D:1)
  A frilled lizard (D:1)
  9 kobolds (D:1)
  5 rats (D:1)
41 creatures vanquished.
